 Dungeon Crawl Stone Soup version 0.28.0-45-g0d030f2227 (webtiles) character file.

Game seed: 4313781801245661089

78 croobank the Firebug (level 4, -2/33 HPs)
             Began as a Hill Orc Fire Elementalist on Apr 9, 2022.
             Slain by a goblin
             ... wielding a +0 club
             ... led by Robin
              (6 damage)
             ... on level 2 of the Dungeon.
             The game lasted 00:04:46 (1508 turns).

croobank the Firebug (Hill Orc Fire Elementalist)   Turns: 1508, Time: 00:04:46

Health: -2/33      AC:  2    Str: 10    XL:     4   Next: 36%
Magic:  3/7        EV: 12    Int: 17    God:
Gold:   80         SH:  0    Dex: 11    Spells: 4/7 levels left

rFire   + . .      SeeInvis .   h - +0 rapier
rCold   + . .      Faith    .   (no shield)
rNeg    . . .      Spirit   .   a - +0 robe
rPois   +          Reflect  .   (no helmet)
rElec   +          Harm     .   (no cloak)
rCorr   +          Rampage  .   (no gloves)
Will    .....                   (no boots)
Stlth   ++........              (no amulet)
HPRegen 0.11/turn               (no ring)
MPRegen 0.10/turn               (no ring)

@: resistant
A: no striking features
a: no special abilities


You were on level 2 of the Dungeon.
You visited 1 branch of the dungeon, and saw 2 of its levels.

You collected 80 gold pieces.

Inventory:

Hand Weapons
 h - a +0 rapier (weapon)
Missiles
 b - 42 arrows
 j - 14 stones
Armour
 a - a +0 robe (worn)
 d - a +0 leather armour
 k - a +0 ring mail
Scrolls
 f - a scroll of magic mapping {unknown}
 g - a scroll of immolation {unknown}
 l - a scroll of holy word {unknown}
Potions
 m - a potion of brilliance {unknown}


   Skills:
 + Level 2.1 Dodging
 + Level 2.2 Stealth
 + Level 2.0 Spellcasting
 + Level 1.9 Conjurations
 + Level 3.8 Fire Magic


You had 4 spell levels left.
You knew the following spells:

 Your Spells              Type           Power      Damage    Failure   Level
a - Foxfire               Conj/Fire      44%        2x1d6     6%          1
b - Scorch                Fire           28%        2d6       6%          2

Your spell library contained the following spells:

 Spells                   Type           Power      Damage    Failure   Level
 Magic Dart               Conj           32%        1d4       9%          1
 Searing Ray              Conj           16%        2d5       13%         2
 Conjure Flame            Conj/Fire      11%        6-21      17%         3
 Sting                    Tmut/Pois      4%         1d3       19%         1
 Inner Flame              Hex/Fire       8%         N/A       26%         3
 Poisonous Vapours        Pois/Air       2%         N/A       28%         2
 Flame Wave               Conj/Fire      11%        2d5       50%         4
 Fulminant Prism          Conj/Hex       2%         3d6       78%         4
 Olgreb's Toxic Radiance  Pois           1%         N/A       88%         4


Dungeon Overview and Level Annotations

Branches:
Dungeon (2/15)

Altars:

Annotations:
D:2 Robin


Message History

Okay, then.
Casting: Foxfire (safe; 6% risk of failure)
Confirm with . or Enter, or press ? or * to list all spells.
Flames lash the hobgoblin.
You kill the hobgoblin!
You hear a shout! x2
A goblin comes into view. It is wielding a +0 dagger.
The goblin barely misses you. The goblin barely misses you.
Robin throws the goblin at you! The goblin hits you with a +0 club.
You see here a hobgoblin corpse.
You closely miss the goblin. The goblin closely misses you.
Robin throws the goblin at you! The goblin barely misses you.
The goblin hits you with a +0 dagger. The goblin hits you with a +0 club.
The goblin unwields a +0 club.
The goblin wields a +0 hunting sling.
The goblin shoots a sling bullet.
The sling bullet misses you. Robin throws the goblin at you!
You hit Robin.
Robin is lightly wounded.
The goblin closely misses you. The goblin hits you with a +0 dagger.
Robin roars a battlecry!
The goblins go into a battle-frenzy!
The goblin hits you with a +0 club. The goblin misses you.
Casting: Scorch (safe; 6% risk of failure)
Confirm with . or Enter, or press ? or * to list all spells.
Flames lash Robin.
Robin is severely wounded.
Robin's fire resistance burns away.
You hear a shout!
A hobgoblin comes into view.
The goblin hits you with a +0 dagger. Robin hits you with a +4 short sword.
The goblin hits you with a +0 club.
* * * LOW HITPOINT WARNING * * *
The goblin closely misses you.
It was a potion of resistance.
You feel protected. The goblin hits you with a +0 dagger.
* * * LOW HITPOINT WARNING * * *
The goblin closely misses you. The goblin hits you with a +0 club.
You die...

## ##### ##... .....
.... ##### ... # #g### #
#... # #.g###.##.#
##############gg@g.....#
...........)...g###....#
##############.g# #.#
#..# #..# #..# #..# #..#
...#


You could see Robin (combustible), a hobgoblin and 5 goblins.

Vanquished Creatures
  Jessica (D:2)
  An adder (D:2)
  An ufetubus (D:2)
  A worm (D:2)
  2 dart slugs (D:1)
  2 bats
  3 endoplasms (D:1)
  2 goblins (D:2)
  7 hobgoblins
  2 quokkas
  4 ball pythons
  A frilled lizard (D:2)
  3 rats
30 creatures vanquished.

Vanquished Creatures (others)
  62 foxfires
62 creatures vanquished.

Grand Total: 92 creatures vanquished

Notes
Turn   | Place    | Note
-------+----------+-------------------------------------------
     0 | D:1      | croobank the Hill Orc Fire Elementalist began the quest for
                  | the Orb.
     0 | D:1      | Reached XP level 1. HP: 14/14 MP: 3/3
   117 | D:1      | Reached XP level 2. HP: 16/20 MP: 0/4
   120 | D:1      | Learned a level 2 spell: Scorch
   666 | D:1      | Found a faded altar of an unknown god.
  1020 | D:2      | Reached XP level 3. HP: 26/26 MP: 3/5
  1227 | D:2      | Noticed Jessica
  1232 | D:2      | Killed Jessica
  1233 | D:2      | Reached XP level 4. HP: 33/33 MP: 1/7
  1500 | D:2      | Noticed Robin
  1508 | D:2      | Slain by a goblin

Illustrated notes

Levels and vault maps discovered:
D:1:      denvon_arrival_planthouse, layout_basic,
          nicolae_ecumenical_snake_handling
D:2:      layout_loops_ring, kennysheep_cluttered_room, minmay_pentomino_p4,
          uniq_robin, uniq_jessica

Skill      XL: |  1  2  3 |
---------------+----------+-----
Stealth        | 2 |  2.2
Dodging        | 2 |  2.1
Spellcasting   | 2 |  2.0
Conjurations   | |  1.9
Fire Magic     | |  3.8

Action                   |  1- 3 |  4- 6 || total
-------------------------+-------+-------++-------
Melee: Rapier            |     1 |    13 ||    14
 Cast: Foxfire           |    37 |     1 ||    38
       Scorch            |     4 |     3 ||     7
  Use: Potion            |       |     2 ||     2
       Scroll            |       |     1 ||     1
Armor: Robe              |     1 |     3 ||     4
Dodge: Dodged            |     6 |    19 ||    25
